Map: [ESL] NeoHumanity

Players

PtitDrogo - Winner!

  • Race: Protoss Protoss
  • Spawn Location: 5:00

Molten

  • Race: Protoss Protoss
  • Spawn Location: 11:00

Event: ESL SC2 Masters 2023 Summer (Finals)

VOD

Have the link to the VOD?

Description

Time

  • Played on: June 16, 2023, 10:41 a.m.
  • Length: 8:07

All games in this series

Show
View Real Time Build Order
Export as new Build Order

PtitDrogo Protoss - Winner!

Build Orders: Phoenix Opening, Blink Stalkers 

Get SALT Encoding   

  12  0:00  Probe  
  13  0:12  Probe  
  14  0:17  Pylon  
  14  0:24  Probe (Chrono Boost)  
  15  0:36  Probe (Chrono Boost), Gateway  
  16  0:45  Probe (Chrono Boost)  
  16  0:46  Assimilator  
  17  0:51  Probe  
  17  0:55  Assimilator  
  18  1:03  Probe (Chrono Boost)  
  19  1:08  Gateway  
  19  1:14  Probe (Chrono Boost)  
  20  1:18  Probe (Chrono Boost)  
  20  1:24  Cybernetics Core  
  21  1:29  Probe  
  22  1:35  Pylon  
  22  1:41  Probe  
  23  1:55  Probe  
  23  2:01  Warp Gate, Stalker  
  28  2:07  Sentry  
  28  2:08  Probe  
  28  2:12  Pylon  
  29  2:20  Probe  
  30  2:33  Probe  
  31  2:39  Nexus  
  31  2:44  Phoenix  
  31  2:45  Probe (Chrono Boost)  
  31  2:50  Twilight Council  
  32  2:55  Probe (Chrono Boost), Sentry  
  35  2:58  Sentry  
  35  3:00  Probe (Chrono Boost)  
  38  3:08  Pylon  
  38  3:11  Probe  
  39  3:18  Blink (Chrono Boost)  
  39  3:26  Probe  
  40  3:38  Probe  
  41  3:50  Probe  
  41  3:51  Probe  
  41  3:53  Stalker x2  
  47  4:02  Probe  
  48  4:03  Probe  
  49  4:14  Probe  
  49  4:15  Probe  
  51  4:17  Stalker x2  
  51  4:24  Nexus  
  55  4:26  Probe  
  55  4:28  Probe  
  57  4:32  Robotics Facility  
  57  4:34  Pylon  
  58  4:38  Probe  
  58  4:40  Probe  
  58  4:45  Stalker  
  61  4:48  Assimilator  
  61  4:50  Probe  
  61  4:52  Forge  
  62  4:56  Probe  
  63  5:00  Stalker  
  63  5:02  Probe  
  66  5:08  Probe  
  66  5:10  Pylon, Stalker  
  69  5:14  Probe  
  70  5:24  Pylon  
  70  5:29  Observer (Chrono Boost)  
  70  5:30  Probe  
  70  5:31  Stalker  
  70  5:34  Protoss Ground Weapons Level 1 (Chrono Boost)  
  70  5:35  Probe  
  75  5:37  Stalker  
  75  5:38  Probe  
  77  5:44  Observer  
  75  5:54  Probe (Chrono Boost)  
  75  5:58  Probe x2 (Chrono Boost)  
  75  6:02  Stalker x2  
  81  6:05  Gateway  
  81  6:06  Probe (Chrono Boost)  
  81  6:08  Probe (Chrono Boost)  
  81  6:09  Probe (Chrono Boost)  
  81  6:10  Gateway  
  81  6:11  Gateway  
  84  6:12  Probe (Chrono Boost)  
  84  6:14  Probe (Chrono Boost)  
  84  6:15  Probe  
  87  6:24  Nexus  
  87  6:27  Pylon  
  87  6:28  Probe (Chrono Boost)  
  87  6:29  Probe x2 (Chrono Boost)  
  87  6:30  Observer  
  92  6:40  Probe (Chrono Boost), Stalker x2  
  92  6:44  Probe (Chrono Boost)  
  92  6:46  Shield Battery  
  97  6:49  Pylon, Gateway  
  97  6:51  Gateway  
  95  6:57  Probe  
  95  6:59  Shield Battery  
  96  7:04  Stalker x4  
  102  7:19  Stalker  
  102  7:20  Probe x2  
  102  7:31  Probe  
  102  7:32  Probe, Shield Battery  
  102  7:38  Stalker x2  
  102  7:39  Stalker x2  
  102  7:43  Probe  
  111  7:46  Stalker x3  
  109  7:51  Probe (Chrono Boost)  
  109  7:52  Probe (Chrono Boost)  
  109  7:54  Probe (Chrono Boost)  
  109  7:55  Probe (Chrono Boost)  
  111  8:06  Stalker x3  
Show
View Real Time Build Order
Export as new Build Order

Molten Protoss 

Build Orders: Dark Templar Rush 

Get SALT Encoding   

  12  0:00  Probe  
  13  0:12  Probe  
  14  0:17  Pylon  
  14  0:24  Probe (Chrono Boost)  
  16  0:37  Probe (Chrono Boost)  
  16  0:38  Gateway  
  16  0:42  Probe (Chrono Boost)  
  16  0:47  Assimilator  
  17  0:52  Probe (Chrono Boost)  
  18  0:57  Assimilator  
  19  1:04  Probe (Chrono Boost)  
  19  1:11  Gateway  
  19  1:14  Probe (Chrono Boost)  
  20  1:22  Probe  
  21  1:28  Cybernetics Core  
  21  1:35  Probe  
  21  1:37  Pylon  
  22  1:47  Probe  
  23  1:59  Probe  
  24  2:04  Stalker, Sentry  
  24  2:07  Warp Gate (Chrono Boost)  
  28  2:11  Probe  
  29  2:16  Pylon  
  29  2:24  Probe  
  30  2:34  Sentry  
  32  2:38  Stalker  
  34  2:50  Nexus  
  34  3:02  Sentry  
  36  3:07  Pylon  
  36  3:08  Shield Battery  
  36  3:15  Probe (Chrono Boost)  
  36  3:19  Twilight Council  
  37  3:26  Pylon  
  37  3:30  Probe (Chrono Boost)  
  38  3:35  Probe (Chrono Boost)  
  39  3:41  Forge  
  39  3:46  Probe  
  40  3:56  Dark Shrine  
  40  4:01  Charge  
  42  4:02  Probe (Chrono Boost)  
  42  4:06  Probe (Chrono Boost)  
  42  4:12  Probe (Chrono Boost)  
  42  4:15  Protoss Ground Weapons Level 1 (Chrono Boost)  
  42  4:16  Probe (Chrono Boost), Gateway  
  44  4:21  Probe  
  45  4:26  Probe  
  46  4:36  Pylon  
  46  4:40  Pylon  
  46  4:45  Gateway  
  46  4:54  Nexus  
  46  5:08  Dark Templar x2  
  46  5:13  Probe  
  52  5:14  Probe  
  52  5:18  Gateway  
  51  5:28  Shield Battery  
  51  5:33  Gateway  
  51  5:35  Gateway  
  51  5:53  Zealot x2  
  51  5:55  Zealot  
  55  6:00  Gateway  
  55  6:04  Gateway  
  55  6:05  Pylon  
  55  6:06  Pylon, Photon Cannon  
  55  6:10  Photon Cannon  
  55  6:13  Zealot x2  
  55  6:14  Zealot  
  55  6:17  Zealot  
  63  6:28  Zealot  
  63  6:29  Zealot  
  67  6:35  Zealot x3  
  67  6:39  Zealot  
  75  6:49  Zealot x2  
  79  7:07  Zealot x6  
  81  7:24  Zealot x2  
  81  7:26  Probe x2 (Chrono Boost)  
  81  7:27  Probe (Chrono Boost)  
  82  7:38  Probe x2 (Chrono Boost)  
  82  7:39  Probe (Chrono Boost)  
  82  7:43  Zealot x2  
  82  7:44  Zealot x6  
  77  7:45  Probe (Chrono Boost)  
  77  7:46  Probe x2 (Chrono Boost)  
Tags
 
Add a new tag
Caveats
  • Supply blocks, unpowered buildings, or Contaminate may cause inaccurate times.
  • Supply counts are checked every 10 seconds.